 Dungeon Crawl Stone Soup version 0.17-a0-1596-g1e86911 (webtiles) character file.

278 axamillion3 the Conjurer (level 6, -1/45 HPs)
             Began as a Draconian Conjurer on July 30, 2015.
             Slain by Edmund
             ... wielding a +1 flail of protection
              (3 damage)
             ... on level 4 of the Dungeon.
             The game lasted 00:36:15 (3229 turns).

axamillion3 the Conjurer (Draconian Conjurer)       Turns: 3229, Time: 00:36:15

Health: -1/45      AC:  6    Str: 10      XL:     6   Next: 5%
Magic:  2/9        EV: 12    Int: 17      God:
Gold:   88         SH:  0    Dex: 10 (12) Spells: 3 memorised, 1 level left

rFire  + + .     SeeInvis .     l - staff of fire
rCold  . . .     Clarity  .     (armour unavailable)
rNeg   . . .     SustAt   .     (no shield)
rPois  .         Gourm    .     (helmet restricted)
rElec  .         Spirit   .     (no cloak)
rCorr  .         Warding  .     (no gloves)
rMut   .         Stasis   .     (no boots)
MR     .....                    (no amulet)
Stlth  +++.......               (no ring)
                                k - ring of protection from fire

@: very slightly contaminated, not resistant to hostile enchantments, fairly
stealthy
A: unfitting armour, camouflage 1, cold-blooded, AC +6
a: no special abilities


You were on level 4 of the Dungeon.
You were full.

You visited 1 branch of the dungeon, and saw 4 of its levels.

You collected 88 gold pieces.

Inventory:

Hand weapons
 c - a +0 short sword
 e - a +0 dagger of draining
Missiles
 g - 14 sling bullets
Armour
 f - a +0 robe
Magical staves
 l - an uncursed staff of fire (weapon)
Jewellery
 k - a ring of protection from fire (left hand)
Magical devices
 m - a wand of cold (5)
Scrolls
 d - a scroll of amnesia
 h - 3 scrolls of identify
 n - a scroll of immolation
Books
 a - a book of Conjurations

   Spells                             Type                      Level
   a - Magic Dart                     Conjuration                  1
   b - Searing Ray                    Conjuration                  2
   c - Dazzling Spray                 Conjuration/Hexes            3
   d - Fulminant Prism                Conjuration/Hexes            4
   e - Iskenderun's Mystic Blast      Conjuration                  4
   f - Iskenderun's Battlesphere      Conjuration/Charms           5
 j - a book of Death

   Spells                             Type                      Level
   a - Corpse Rot                     Necromancy                   2
   b - Sublimation of Blood           Necromancy                   2
   c - Agony                          Necromancy                   5
   d - Dispel Undead                  Necromancy                   5
   e - Excruciating Wounds            Charms/Necromancy            5
   f - Bolt of Draining               Conjuration/Necromancy       5
Comestibles
 b - 5 bread rations


   Skills:
 - Level 1.7 Dodging
 - Level 1.7 Stealth
 - Level 2.0 Spellcasting
 + Level 7.3 Conjurations


You had one spell level left.
You knew the following spells:

 Your Spells              Type           Power        Failure   Level  Hunger
a - Magic Dart            Conj           ####         1%          1    #......
b - Iskenderun's Battles  Conj/Chrm      ##......     95%         5    ######.
c - Sublimation of Blood  Necr           #.........   30%         2    ###....


Dungeon Overview and Level Annotations

Branches:
Dungeon (4/15)
 Temple: D:4-7

Altars:
Dithmenos
Gozag
Qazlal

Annotations:
D:4 Edmund


Innate Abilities, Weirdness & Mutations

Your plain brown scales are hard (AC +6).
Your body does not fit into most forms of armour.
You are cold-blooded and may be slowed by cold attacks.
Your skin changes colour to match your surroundings (Stealth).


Message History

You hit Edmund but do no damage. You tail-slap Edmund, but do no damage.
Edmund is moderately wounded.
Edmund hits you with a flail of protection.
* * * LOW HITPOINT WARNING * * *
You completely miss Edmund.
Edmund is moderately wounded.
Edmund hits you but does no damage.
You hit Edmund but do no damage.
Edmund is moderately wounded.
Edmund hits you with a flail of protection.
* * * LOW HITPOINT WARNING * * *
You closely miss Edmund.
Edmund is moderately wounded.
Edmund hits you with a flail of protection!
* * * LOW HITPOINT WARNING * * *
You hit Edmund.
Edmund is moderately wounded.
Edmund says, "People think my brother is the best.
I think he's crazy."
Edmund hits you with a flail of protection.
You die...

*,,,,,,,,,,* *,,,,* #
*.........,* *,,,,****
## *,.......,.#
*,,,,**,, .#
*,,......,.# *,,,,**,,
.# *,,,....,..#
*,,,,**,, .##
*,,,,...,..####,,,,**,,
..#
*****#w##.#....,,,,**,,
#.##
##@#....#**,,,,**,,
#..#####
#.@...#**********,,
.......# #.#.#......**
*,, .......#
#...#*####.,** *,,
.......# ####..##
**,,****,* .....#.#
#.....# *,,,,**,,,
####.#.## ##.##.##
*,,,,*,,,, # #.#..#
#..##.# *,,,,*,,,, #
#.##.###.###.#
*,,,,**,,<
####.##.#...# #.#
**,,****,*


You could see Edmund and a worm.

Vanquished Creatures
  The ghost of flyleaff the Conjurer, an average OpCj of Ashenzari (D:3)
  An orc wizard (D:3)
  A gnoll (D:1)
  4 adders
  2 oozes (D:1)
  4 worms (D:2)
  3 giant geckos
  4 orcs
  2 ball pythons
  2 giant cockroaches
  7 goblins
  6 hobgoblins
  8 bats
  4 giant newts
  13 jackals
  6 kobolds
  9 rats
77 creatures vanquished.

Notes
Turn   | Place    | Note
--------------------------------------------------------------
     0 | D:1      | axamillion3 the Draconian Conjurer began the quest for the Orb.
     0 | D:1      | Reached XP level 1. HP: 14/14 MP: 3/3
   184 | D:1      | Reached XP level 2. HP: 8/20 MP: 0/5
   859 | D:1      | Reached skill level 5 in Conjurations
   859 | D:1      | Reached XP level 3. HP: 13/26 MP: 0/6
  1537 | D:2      | Reached XP level 4. HP: 33/33 MP: 0/7
  1832 | D:2      | Gained mutation: Your skin changes colour to match your surroundings (Stealth). [potion of beneficial mutation]
  2092 | D:2      | Reached skill level 6 in Conjurations
  2137 | D:2      | You fall through a shaft!
  2137 | D:3      | Found an opulent altar of Gozag.
  2175 | D:3      | Found a stormy altar of Qazlal.
  2187 | D:3      | Found a shadowy altar of Dithmenos.
  2329 | D:3      | Reached XP level 5. HP: 38/38 MP: 4/8
  2486 | D:3      | Noticed flyleaff's ghost (average OpCj)
  2497 | D:3      | Killed flyleaff's ghost
  2497 | D:3      | Reached skill level 7 in Conjurations
  2497 | D:3      | Reached XP level 6. HP: 35/45 MP: 0/9
  2506 | D:3      | Learned a level 5 spell: Iskenderun's Battlesphere
  2509 | D:3      | Learned a level 2 spell: Sublimation of Blood
  3188 | D:4      | Noticed Edmund
  3228 | D:4      | HP: 2/45 [Edmund/flail of protection (7)]
  3229 | D:4      | Slain by Edmund

Vault maps used:
D:1:      shiori_shiawase, dk_noncrumbling_4
D:3:      nicolae_qazlal_general_emergency, overflow_temple_1_default,
          nicolae_dithmenos_shadow_blocks, first_bread
D:4:      uniq_edmund

Action                   |  1- 3 |  4- 6 || total
-------------------------+-------+-------++-------
Melee: Dagger            |    50 |    59 ||   109
       Short sword       |     5 |       ||     5
       Staff             |       |    32 ||    32
 Cast: Magic Dart        |    67 |    80 ||   147
  Use: Scroll            |     5 |     5 ||    10
       Potion            |     2 |     5 ||     7
  Eat: Chunk             |     3 |     4 ||     7
       Bread ration      |       |     2 ||     2
